 Dungeon Crawl Stone Soup version 0.31-a0-1165-g196b491b36 (webtiles) character file.

Game seed: 16908013481033881349

253 DApurpleWHUMPUS the Fighter (level 5, -1/53 HPs)
             Began as a Minotaur Fighter on Dec 9, 2023.
             Slain by a kobold brigand
             ... wielding a +0 dagger
              (4 damage)
             ... in a sewer.
             The game lasted 00:02:08 (2403 turns).

DApurpleWHUMPUS the Fighter (Minotaur Fighter)      Turns: 2403, Time: 00:02:08

Health: -1/53      AC:  6    Str: 20    XL:     5   Next: 90%
Magic:  4/4        EV:  9    Int:  5    God:
Gold:   35         SH:  4    Dex: 12    Spells: 4/4 levels left

rFire   . . .        a - +0 war axe
rCold   . . .        c - +0 buckler
rNeg    . . .        b - +0 scale mail
rPois   .            (helmet restricted)
rElec   .            (no cloak)
rCorr   .            (no gloves)
SInv    .            (no boots)
Will    .....        (no amulet) Stlth
                     (no ring)
HPRegen 0.28/turn    (no ring)
MPRegen 0.09/turn

%: no passive effects
@: no status effects
A: horns 2, retaliatory headbutt
a: no special abilities


You were in a sewer.
You visited 1 branch of the dungeon, and saw 3 of its levels.
You also visited: Sewer.

You collected 35 gold pieces.

Inventory:

Hand Weapons
 a - a +0 war axe (weapon)
 r - a +0 antimagic dagger
Armour
 b - a +0 scale mail (worn)
 c - a +0 buckler (worn)
Wands
 n - a wand of roots (10)
Scrolls
 f - a scroll of enchant armour {unknown}
 h - 3 scrolls of amnesia {unknown}
 k - a scroll of noise {unknown}
 l - a scroll of fog {unknown}
 o - 2 scrolls of teleportation {unknown}
 p - a scroll of revelation {unknown}
 q - a scroll of identify {unknown}
Potions
 d - 4 potions of might
 e - a potion of cancellation {unknown}
 g - 2 potions of attraction {unknown}
 i - 3 potions of heal wounds {unknown}
 j - 3 potions of haste {unknown}
 m - a potion of curing {unknown}
 s - 2 potions of brilliance {unknown}
 t - a potion of experience {unknown}


   Skills:
 + Level 8.1 Fighting
 - Level 2.4 Axes
 - Level 3.6 Armour
 - Level 3.6 Shields


You had 4 spell levels left.
You didn't know any spells.
Your spell library was empty.

Dungeon Overview and Level Annotations

Branches:
Dungeon (3/15)              Sewer (1/1)

Altars:


Innate Abilities, Weirdness & Mutations

You have a pair of horns on your head.
You reflexively headbutt those who attack you in melee.


Message History

You slash the kobold brigand!
The kobold brigand is moderately wounded.
You slash the kobold!
You kill the kobold!
You hear a splash.
You feel sick.
You are no longer poisoned.
You block the kobold brigand's attack.
The kobold brigand hits you but does no damage.
You barely miss the kobold brigand.
The kobold brigand is moderately wounded.
The kobold brigand hits you with a +0 dagger!
The kobold brigand hits you with a +0 dagger.
The kobold brigand closely misses you.
You hit the kobold brigand.
The kobold brigand is moderately wounded.
The kobold brigand hits you with a +0 dagger.
You are too injured to fight recklessly!
You barely miss the kobold brigand. You headbutt the kobold brigand.
The kobold brigand is heavily wounded.
The kobold brigand barely misses you.
The kobold brigand hits you with a +0 dagger.
You block the kobold brigand's attack.
You closely miss the kobold brigand.
The kobold brigand is heavily wounded.
The kobold brigand hits you with a +0 dagger.
The kobold brigand hits you with a +0 dagger!
* * * LOW HITPOINT WARNING * * *
You closely miss the kobold brigand.
The kobold brigand is heavily wounded.
You feel yourself speed up.
The kobold brigand hits you with a +0 dagger.
* * * LOW HITPOINT WARNING * * *
The kobold brigand hits you with a +0 dagger.
* * * LOW HITPOINT WARNING * * *
Okay, then.
You hit the kobold brigand but do no damage.
The kobold brigand is heavily wounded.
The kobold brigand hits you with a +0 dagger.
You die...

## ##### #.###
##~.~## # #..~##
#.....##### #..?~
#~....~~~~~ ~!.#
#~.~.~##### #)K#
##~~~## # #@# ##~##
#.# #~# #.# #~#
##.## ##÷## ##~..##
##...## #
#..~..####....~#####
#...~.~~~~..~.~≈≈≈≈≈
#..~..####.....#####
##...## ##.~.## #


You could see a kobold brigand.

Vanquished Creatures
  2 kobold brigands (Sewer)
  A gnoll (D:1)
  3 adders (Sewer)
  2 river rats (Sewer)
  2 worms
  2 dart slugs (D:1)
  A bat (D:1)
  5 endoplasms
  2 giant cockroaches (D:3)
  3 goblins
  4 hobgoblins
  5 quokkas
  7 ball pythons
  11 kobolds
  4 rats
54 creatures vanquished.

Notes
Turn   | Place    | Note
-------+----------+-------------------------------------------
     0 | D:1      | DApurpleWHUMPUS the Minotaur Fighter began the quest for
                  | the Orb.
     0 | D:1      | Reached XP level 1. HP: 19/19 MP: 0/0
    57 | D:1      | Found a faded altar of an unknown god.
   225 | D:1      | Reached skill level 4 in Fighting
   225 | D:1      | Reached XP level 2. HP: 3/28 MP: 1/1
   527 | D:1      | Reached skill level 5 in Fighting
   645 | D:1      | Reached XP level 3. HP: 36/36 MP: 2/2
  1400 | D:3      | Found a glowing drain.
  1460 | Sewer    | Entered a sewer
  1504 | Sewer    | Reached skill level 6 in Fighting
  1504 | Sewer    | Reached XP level 4. HP: 36/44 MP: 3/3
  2108 | Sewer    | Noticed a kobold brigand
  2120 | Sewer    | Killed a kobold brigand
  2121 | Sewer    | Reached skill level 7 in Fighting
  2121 | Sewer    | Reached XP level 5. HP: 47/52 MP: 4/4
  2243 | Sewer    | Reached skill level 8 in Fighting
  2403 | Sewer    | Slain by a kobold brigand

Illustrated notes

Levels and vault maps discovered:
D:1:      dpeg_arrival_oval, layout_loops_ring,
          hellmonk_ecumenical_altar_crossroads, patterned_corridor
D:2:      layout_basic
D:3:      layout_loops_ring, tgw_kikubaaqudgha, gup_sewer_entry_glass
Sewer:    sewer_co_15_rooms

Skill      XL: |  1  2  3  4  5 |
---------------+----------------+-----
Fighting       | 4 5 6 7 8 |  8.1
Axes           | |  2.4
Armour         | |  3.6
Shields        | |  3.6

Action                     |  1- 3 |  4- 6 || total
---------------------------+-------+-------++-------
  Melee: War axe           |    84 |    53 ||   137
         Headbutt          |     6 |     8 ||    14
    Use: Potion            |       |     1 ||     1
 Armour: Scale mail        |    60 |    46 ||   106
  Dodge: Dodged            |    37 |    36 ||    73
  Block: Buckler           |    19 |    13 ||    32

Table legend: (Time is in decaauts)
 A = Elapsed time spent in this place.
 B = Non-inter-level travel time spent in this place.
 C = Inter-level travel time spent in this place.
 D = Time resting spent in this place.
 E = Time spent auto-exploring this place.
 F = Levels seen in this place.
 G = Mean time per level.
                   A        B        C        D        E       F      G
               +--------+--------+--------+--------+--------+-----+--------+
         Total |   2537 |   2499 |     38 |    551 |   1549 |   4 |  634.2 |
       Dungeon |   1487 |   1449 |     38 |      0 |   1237 |   3 |  495.7 |
         Sewer |   1050 |   1050 |      0 |    551 |    312 |   1 | 1050.0 |
               +--------+--------+--------+--------+--------+-----+--------+

Top non-repeatable levels by time:
   Sewer: 1050 daAuts
     D:1: 1049 daAuts
     D:3: 253 daAuts
     D:2: 184 daAuts
